 Dungeon Crawl Stone Soup version 0.24.0-37-gcf1ca852f1 (webtiles) character file.

Game seed: 7332866138745996028, levelgen mode: deterministic

1140 Taega the Chopper (level 8, -7/69 (70) HPs)
             Began as a Hill Orc Fighter on Nov 29, 2019.
             Was an Initiate of Beogh.
             Mangled by Pikel
             ... wielding a +0 whip of electrocution
              (14 damage)
             ... on level 6 of the Dungeon.
             The game lasted 00:15:25 (5189 turns).

Taega the Chopper (Hill Orc Fighter)                Turns: 5189, Time: 00:15:25

HP:   -7/69 (70)    AC: 13    Str: 25    XL:     8   Next: 37%
MP:   9/9           EV:  5    Int: 13    God:    Beogh [......]
Gold: 178           SH: 10    Dex: 10    Spells: 7/7 levels left

rFire    . . .     SeeInvis .   u - +5 hand axe of Overwhelming Force {venom, Int+4}
rCold    . . .     Gourm    .   c - +0 shield
rNeg     . . .     Faith    .   A - +0 plate armour
rPois    .         Spirit   .   (no helmet)
rElec    .         Reflect  .   i - +0 cloak
rCorr    .         Harm     .   (no gloves)
MR       .....                  (no boots)
Stlth    ..........             (no amulet)
HPRegen  0.21/turn              (no ring)
MPRegen  0.11/turn              (no ring)

@: mighty, invisible
A: no striking features
a: Renounce Religion


You were on level 6 of the Dungeon.
You worshipped Beogh.
Beogh was noncommittal.
You were not hungry.

You visited 1 branch of the dungeon, and saw 6 of its levels.

You collected 178 gold pieces.

Inventory:

Hand Weapons
 u - the +5 hand axe of Overwhelming Force (weapon) {venom, Int+4}
   (You found it on level 4 of the Dungeon)

   It poisons the flesh of those it strikes.
   It affects your intelligence (+4).
Missiles
 e - 25 sling bullets (quivered)
Armour
 c - a +0 shield (worn)
 i - a +0 cloak (worn)
 A - a +0 plate armour (worn)
Magical Staves
 y - an uncursed staff of wizardry
Wands
 o - a wand of enslavement (13)
 B - a wand of disintegration (27)
Scrolls
 a - a scroll of fear
 b - a scroll of remove curse
 k - 2 scrolls of blinking
 m - a scroll of magic mapping
 p - a scroll of enchant weapon
 s - 3 scrolls of amnesia
 t - a scroll of noise
Potions
 g - a potion of invisibility
 h - a potion of degeneration {unknown}
 j - a potion of brilliance
 l - a potion of flight {unknown}
 n - 3 potions of curing {unknown}
 r - 2 potions of heal wounds {unknown}
 v - 2 potions of magic {unknown}
 z - a potion of mutation {unknown}
Comestibles
 f - 5 rations


   Skills:
 + Level 5.9 Fighting
 * Level 7.7 Axes
 + Level 2.8 Throwing
 + Level 5.3 Armour
 + Level 5.3 Shields
 + Level 1.8 Evocations


You had 7 spell levels left.
You didn't know any spells.
Your spell library was empty.

Dungeon Overview and Level Annotations

Branches:
Dungeon (6/15)             Temple (0/1) D:6

Altars:
Ashenzari
Nemelex Xobeh
Okawaru
Trog
Xom
The Shining One

Annotations:
D:6 Pikel


Message History

You kill the orc!
Beogh accepts your kill. Pikel hits you but does no damage.
You barely miss Pikel.
Pikel is moderately wounded.
You slash the slave!
The slave looks as sick as possible!
The slave hits you but does no damage.
You slash Pikel!
Pikel looks as sick as possible!
Pikel is heavily wounded.
You slash the slave! Pikel hits you but does no damage.
You are electrocuted!
* * * LOW HITPOINT WARNING * * *
You block the slave's attack. Pikel hits you but does no damage.
You are electrocuted!
* * * LOW HITPOINT WARNING * * *
It was a potion of invisibility.
You fade into invisibility!
You kill the slave!
That felt strangely unrewarding.
Pikel hits you but does no damage.
You are electrocuted!
You die...

####..#...##..##
####..))......#...
.....###........# ## ....##
#........#### .# ....#
##...........## .## . ..†(#
#.........##..##..####.. ...)#
#.#......<........ .....
..............>.K####.###....#.
....###........#@)..[....###...
....# #........######....#.....
(...# #........................
##...................K.........
##......≈≈≈≈≈................(.
......≈≈≈≈≈≈≈≈≈................
....≈≈≈≈≈≈≈≈≈≈≈≈≈^.............
...≈≈≈≈≈≈|..≈≈≈≈≈≈.............
...≈≈≈≈≈≈.>.≈≈≈≈≈≈.............


You could see Pikel.

Vanquished Creatures
  Grinder (D:4)
  An orc warrior (D:6)
  An ice beast (D:6)
  3 slaves (D:6)
  A centaur (D:5)
  An ogre (D:5)
  A necrophage (D:5)
  A scorpion (D:4)
  2 crimson imps
  2 hounds
  3 worker ants
  2 orc wizards (D:4)
  7 gnolls
  4 adders
  A shadow imp (D:5)
  An ooze (D:1)
  An adder skeleton (D:6)
  A dart slug (D:3)
  5 leopard geckos
  6 orcs
  4 giant cockroaches
  15 goblins
  10 hobgoblins
  4 kobolds
  6 quokkas
  6 bats
  6 frilled lizards
  A jackal zombie (D:5)
  A quokka zombie (D:5)
  10 rats
108 creatures vanquished.

Vanquished Creatures (others)
  3 orcs (D:5)
3 creatures vanquished.

Grand Total: 111 creatures vanquished

Notes
Turn   | Place    | Note
-------+----------+-------------------------------------------
     0 | D:1      | Taega the Hill Orc Fighter began the quest for the Orb.
     0 | D:1      | Reached XP level 1. HP: 19/19 MP: 1/1
    48 | D:1      | Reached skill level 3 in Axes
   114 | D:1      | Reached XP level 2. HP: 25/27 MP: 2/2
   392 | D:1      | Reached XP level 3. HP: 29/33 MP: 3/3
   849 | D:2      | Found a shimmering altar of Xom.
   925 | D:2      | Found a shattered altar of Ashenzari.
   989 | D:2      | Reached skill level 4 in Axes
  1012 | D:2      | Found a shattered altar of Ashenzari.
  1079 | D:2      | Reached XP level 4. HP: 39/40 MP: 4/4
  1254 | D:2      | You fall into a shaft and drop 1 floor!
  1612 | D:3      | Found a sparkling altar of Nemelex Xobeh.
  2531 | D:3      | Found a glowing golden altar of the Shining One.
  2576 | D:3      | Found an iron altar of Okawaru.
  2736 | D:4      | Reached XP level 5. HP: 40/47 MP: 5/5
  2749 | D:4      | Got a blackened hand axe
  2750 | D:4      | Identified the +5 hand axe of Overwhelming Force {venom,
                  | Int+4} (You found it on level 4 of the Dungeon)
  2975 | D:4      | Noticed Grinder
  2988 | D:4      | Killed Grinder
  2988 | D:4      | Reached skill level 5 in Axes
  2988 | D:4      | Reached skill level 1 in Throwing
  2988 | D:4      | Reached XP level 6. HP: 19/55 MP: 6/6
  3361 | D:4      | Reached skill level 5 in Fighting
  3361 | D:4      | Reached skill level 6 in Axes
  3367 | D:4      | Reached XP level 7. HP: 61/61 MP: 7/7
  3652 | D:5      | Entered Level 5 of the Dungeon
  3980 | D:5      | Found a bloodstained altar of Trog.
  4591 | D:5      | Became a worshipper of Beogh the Brigand
  4710 | D:5      | Reached skill level 7 in Axes
  4710 | D:5      | Reached skill level 5 in Armour
  4710 | D:5      | Reached skill level 5 in Shields
  4710 | D:5      | Reached skill level 1 in Evocations
  4807 | D:6      | Reached XP level 8. HP: 69/69 MP: 8/8
  4877 | D:6      | Found a staircase to the Ecumenical Temple.
  4896 | D:6      | Noticed Pikel
  5189 | D:6      | Mangled by Pikel

Levels and vault maps discovered:
D:1:      mushboom_english_gardens, layout_basic, minmay_tetromino_l4
D:2:      layout_loops_corners, overflow_temple_1_default,
          nicolae_overflow_crystal_walls, first_ration, evilmike_ruin_ashenzari
D:3:      layout_rooms, grunt_temple_overflow_open, serial_park_tiny_1,
          minmay_misc_feat_cross, kennysheep_okawaru_gauntlet
D:4:      layout_loops_ring, uniq_grinder
D:5:      layout_loops_corners, eino_tiny_chamber, trog_butcher_becter
D:6:      layout_rooms, lemuel_doored_altar, temple_pool_b, uniq_pikel

Skill      XL: |  1  2  3  4  5  6  7 |
---------------+----------------------+-----
Axes           | 3 4 5 6 7 |  7.7
Fighting       | 4 5 |  5.9
Armour         | 4 5 |  5.3
Shields        | 4 5 |  5.3
Throwing       | 1 2 |  2.8
Evocations     | 1 |  1.8

Action                   |  1- 3 |  4- 6 |  7- 9 || total
-------------------------+-------+-------+-------++-------
Melee: War axe           |   101 |    99 |       ||   200
       Hand axe          |       |    29 |   132 ||   161
Throw: Boomerang         |       |     4 |     1 ||     5
Invok: Convert to Beogh  |       |       |     1 ||     1
  Use: Scroll            |       |     6 |     5 ||    11
       Potion            |       |       |     2 ||     2
  Eat: Chunk             |     1 |     1 |     2 ||     4
       Ration            |       |     2 |     1 ||     3
Armor: Scale mail        |    47 |    52 |    12 ||   111
       Plate armour      |       |       |    28 ||    28
Dodge: Dodged            |    32 |    41 |    28 ||   101
Block: Shield            |    46 |    56 |    62 ||   164
